 Dungeon Crawl Stone Soup version 0.30-a0-394-g3e4acdb0ae (webtiles) character file.

Game seed: 17780155431909750761

26742 Bnni the Brawler (level 13, 93/108 HPs)
             Began as a Demonspawn Fighter on Dec 6, 2022.
             Quit the game on level 13 of the Dungeon.
             The game lasted 00:22:04 (12533 turns).

Bnni the Brawler (Demonspawn Fighter)              Turns: 12533, Time: 00:22:05

Health: 93/108     AC: 14    Str: 21    XL:     13   Next: 0%
Magic:  9/13       EV:  6    Int: 10    God:
Gold:   659        SH:  5    Dex: 13    Spells: 10/12 levels left

rFire   + . .      SeeInvis .      - Unarmed
rCold   . . .      Faith    .    c - +0 buckler
rNeg    . . .      Spirit   +    m - +0 plate armour
rPois   .          Reflect  .    (helmet restricted)
rElec   .          Harm     .    (no cloak)
rCorr   .          Rampage  .    E - +0 pair of gloves
Will    .....                    (no boots)
Stlth   ..........               W - amulet of guardian spirit
HPRegen 0.38/turn                p - +4 ring of slaying
MPRegen 0.13/turn                e - ring of protection from fire

@: no status effects
A: hooves 2, horns 2, ignite blood 1, demonic magic 2, weakness stinger 1
a: no special abilities


You were on level 13 of the Dungeon.
You visited 2 branches of the dungeon, and saw 14 of its levels.
You also visited: Ice Cave.

You collected 764 gold pieces.
You spent 105 gold pieces at shops.

Inventory:

Hand Weapons
 a - a +4 spear of venom
 N - the +8 frozen axe "Frostbite" {freezing cloud, *Noise Fly rC+}
   (You found it in an ice cave)

   It freezes those it strikes, dealing additional cold damage.
   It can also slow down cold-blooded creatures.
   It occasionally leaves clouds of freezing vapour upon striking a foe.
   It grants immunity to clouds of freezing vapour.
   rC:        It protects you from cold.
   Fly:       It grants you flight.
   *Noise:    It may make noises in combat.
Missiles
 b - 4 throwing nets
 g - 16 poisoned darts (quivered)
 t - 6 curare-tipped darts
 J - 9 javelins
 L - 2 boomerangs
Armour
 c - a +0 buckler (worn)
 m - a +0 plate armour (worn)
 E - a +0 pair of gloves (worn)
Jewellery
 e - a ring of protection from fire (right hand)
 p - a +4 ring of slaying (left hand)
 x - a ring of poison resistance
 z - a ring of flight
 A - an amulet of faith
 O - a ring of see invisible
 V - a ring of ice
 W - an amulet of guardian spirit (around neck)
Wands
 h - a wand of iceblast (6)
 w - a wand of mindburst (20)
 y - a wand of flame (18)
 C - a wand of polymorph (8)
 F - a wand of charming (15)
 T - a wand of quicksilver (23)
Scrolls
 f - a scroll of silence {unknown}
 l - 4 scrolls of blinking
 n - a scroll of brand weapon {unknown}
 r - 4 scrolls of teleportation {unknown}
 v - a scroll of summoning
 B - 2 scrolls of enchant armour {unknown}
 D - 3 scrolls of fear {unknown}
 G - 3 scrolls of fog
 I - a scroll of vulnerability
 M - 3 scrolls of immolation {unknown}
 P - 2 scrolls of poison
 Q - 2 scrolls of amnesia
 R - 3 scrolls of enchant weapon {unknown}
Potions
 d - 2 potions of might
 i - 6 potions of flight
 j - 4 potions of resistance
 k - 2 potions of invisibility
 o - 5 potions of attraction {unknown}
 q - 3 potions of magic
 s - a potion of brilliance {unknown}
 u - 3 potions of mutation
 H - 7 potions of curing
 K - a potion of berserk rage {unknown}
 S - 2 potions of haste
 U - a potion of lignification {unknown}


   Skills:
 + Level 12.2 Fighting
 - Level 2.1 Polearms
 + Level 7.7 Armour
 - Level 5.0 Shields
 * Level 15.0 Unarmed Combat
 + Level 0.3 Transmutations


You had 10 spell levels left.
You knew the following spells:

 Your Spells              Type           Power      Damage    Failure   Level
a - Wereblood             Tmut           0%         N/A       100%        2

Your spell library contained the following spells:

 Spells                   Type           Power      Damage    Failure   Level
 Apportation              Tloc           0%         N/A       100%        1
 Necrotise                Necr           0%         1d4       100%        1
 Slow                     Hex            0%         N/A       100%        1
 Summon Small Mammal      Summ           0%         N/A       100%        1
 Cigotuvi's Dreadful Rot  Necr/Pois/Air  0%         N/A       100%        2
 Ensorcelled Hibernation  Hex/Ice        0%         N/A       100%        2
 Passwall                 Tmut/Erth      0%         N/A       100%        2
 Sublimation of Blood     Necr           0%         N/A       100%        2
 Confusing Touch          Hex            0%         N/A       100%        3
 Gell's Gravitas          Tloc           0%         N/A       100%        3
 Lesser Beckoning         Tloc           0%         N/A       100%        3
 Ozocubu's Armour         Ice            0%         N/A       100%        3
 Swiftness                Air            0%         N/A       100%        3
 Teleport Other           Tloc           0%         N/A       100%        3
 Vampiric Draining        Necr           0%         2d6       100%        3
 Cause Fear               Hex            0%         N/A       100%        4
 Dispel Undead            Necr           0%         3d6       100%        4
 Fulminant Prism          Conj/Hex       0%         3d5       100%        4
 Borgnjor's Vile Clutch   Necr/Erth      0%         N/A       100%        5
 Eringya's Noxious Bog    Tmut/Pois      0%         N/A       100%        6
 Dragon Form              Tmut           0%         N/A       100%        7
 Ozocubu's Refrigeration  Ice            0%         4d7       100%        7
 Summon Hydra             Summ           0%         N/A       100%        7
 Dragon's Call            Summ           0%         N/A       100%        9


Dungeon Overview and Level Annotations

Branches:
Dungeon (13/15)            Temple (1/1) D:6            Lair (0/5) D:10
    Orc (0/2) D:9          Vaults (0/5) D:13          IceCv (visited)

Altars:
Ashenzari
Cheibriados
Dithmenos
Fedhas
Gozag
Hepliaklqana
Kikubaaqudgha
Makhleb
Nemelex Xobeh
Okawaru
Qazlal
Ru
Sif Muna
Trog
Uskayaw
Vehumet
Wu Jian
Xom
Yredelemnul

Shops:
D:1 =(=   D:3 ((*:   D:9 !   D:10 *


Innate Abilities, Weirdness & Mutations

You have hoof-like feet.
You have a pair of horns on your head.
Your demonic aura sometimes causes spilled blood to erupt in flames.
Spells you cast may paralyse nearby enemies.
You have a small tail.


Message History

The acid dragon barely misses you. The acid dragon claws you.
You closely miss the acid dragon.
The acid dragon is almost dead.
The acid dragon bites you!
The acid dragon claws you but does no damage.
You pummel the acid dragon!!
You kill the acid dragon!
The acid dragon scales are intact enough to wear.
No target in view!
You are no longer corroded.
Magic restored.
Things that are here:
+0 acid dragon scales; an acid dragon corpse
Found a wand of quicksilver (3).
Found an escape hatch in the ceiling.
You open the door.
Found a scroll of amnesia.
There is an open door here.
Found a ring mail.
Something hits you but does no damage.
You hit something. Your kick misses something.
Something hits you but does no damage. Something hits you but does no damage.
You see here a scroll of amnesia.
Something hits you but does no damage. Something hits you.
Something hits you but does no damage.
You hit something. Your kick misses something. Your headbutt misses something.
Something hits you.
You swing at nothing.
You hit something. You headbutt something! Something hits you.
Something hits you but does no damage.
You barely miss something. You kick something. Something hits you.
You swing at nothing.
You block something's attack. Something hits you.
You pummel something!!
Reactivating autopickup.
You feel a bit more experienced.
Your Unarmed Combat skill increases to level 15!
You have reached level 13!
Your demonic ancestry asserts itself...
You grow a small tail.
Are you sure you want to abandon this character and quit the game? (Confirm with "yes".)

#### ######## ....######
#......# .........#
#......# .....[...#
#......# .........#
#<.....#./
#.......####......#..
#.....?....'.........
....#...#.###........
......#..##@#........##
##. ..#..##.#.........#
.... ....##.#.#..~~...#
.....##......#.#.......#
....#....######.......##
#....................#
#.#.....########[....#
#.#.....########.....#
##.....#.......##.....#


There were no monsters in sight!

Vanquished Creatures
  A frost giant (IceCv)
  Erolcha (D:9)
  A two-headed ogre (D:8)
  6 death yaks (IceCv)
  3 slime creatures (D:12)
  2 deep elf pyromancers (D:12)
  Pikel (D:5)
  The ghost of tailblues the Insei, a novice DgTm (D:6)
  An ugly thing (IceCv)
  A manticore (D:12)
  An ice statue (IceCv)
  A gargoyle (D:11)
  Maggie (D:6)
  2 unseen horrors
  6 rime drakes (IceCv)
  4 trolls
  5 polar bears (IceCv)
  A hornet (D:10)
  Sigmund (D:2)
  5 shadows
  A wyvern (D:10)
  28 yaks
  4 wraiths
  The ghost of Sokar the Slasher, an amateur HuRe of Yredelemnul (D:4)
  6 vampire mosquitoes
  3 acid dragons
  2 water moccasins (D:6)
  11 orc warriors
  A swamp drake (D:9)
  4 ice beasts
  2 sky beasts (D:7)
  An ogre (D:7)
  6 wolves
  5 centaurs
  A phantom (D:4)
  2 kobold brigands
  A bullfrog (D:8)
  A gnoll sergeant (D:6)
  3 scorpions
  A necrophage (D:6)
  A two-headed ogre simulacrum (D:12)
  3 wights (D:7)
  5 killer bees (D:7)
  An elephant simulacrum (D:12)
  2 electric eels
  10 howler monkeys
  A spectral centaur (D:6)
  A centaur zombie (D:6)
  11 hounds
  7 orc priests
  Jessica (D:3)
  Natasha (thrice) (D:3)
  6 iguanas
  13 orc wizards
  A polar bear simulacrum (D:12)
  3 spriggan simulacra (D:12)
  2 troll simulacra (D:12)
  A centaur simulacrum (D:6)
  3 adders
  13 gnolls
  A white imp (D:6)
  An ufetubus (D:6)
  4 worms (D:3)
  2 dart slugs
  42 orcs
  6 endoplasms
  5 giant cockroaches
  9 goblins
  10 hobgoblins
  4 jackals (D:3)
  4 quokkas
  5 ball pythons
  6 bats
  5 frilled lizards
  14 kobolds
  6 rats
341 creatures vanquished.

Vanquished Creatures (others)
  A spectral howler monkey (D:6)
  A plant (D:3)
2 creatures vanquished.

Grand Total: 343 creatures vanquished

Notes
Turn   | Place    | Note
-------+----------+-------------------------------------------
     0 | D:1      | Bnni the Demonspawn Fighter began the quest for the Orb.
     0 | D:1      | Reached XP level 1. HP: 18/18 MP: 1/1
   282 | D:1      | Found Gatsulie's Weapon Shop.
   285 | D:1      | Discovered your monstrous ancestry.
   285 | D:1      | Gained mutation: You have a pair of small horns on your
                  | head. [demonic ancestry]
   285 | D:1      | Reached XP level 2. HP: 24/24 MP: 2/2
   450 | D:1      | Found Qoezut's Jewellery Emporium.
   518 | D:1      | Found Byqeod's Jewellery Emporium.
   689 | D:2      | Reached skill level 1 in Unarmed Combat
   689 | D:2      | Reached XP level 3. HP: 19/29 MP: 3/3
   818 | D:2      | Noticed Sigmund
   834 | D:2      | Killed Sigmund
   835 | D:2      | Reached skill level 2 in Unarmed Combat
   835 | D:2      | Gained mutation: Spells you cast may paralyse adjacent
                  | enemies. [demonic ancestry]
   835 | D:2      | Reached XP level 4. HP: 35/37 MP: 4/4
   835 | D:2      | Reached XP level 5. HP: 39/42 MP: 5/5
  1355 | D:2      | Reached skill level 3 in Unarmed Combat
  1570 | D:2      | Reached XP level 6. HP: 48/48 MP: 6/6
  1750 | D:3      | Found Dimaibli's Book Shoppe.
  1954 | D:3      | Found Niorgh's General Store.
  1967 | D:3      | Noticed Jessica
  1968 | D:3      | Killed Jessica
  2072 | D:3      | Found Sumaem's Antique Weapon Boutique.
  2096 | D:3      | Found Ehov's Weapon Emporium.
  2098 | D:3      | Noticed Natasha
  2102 | D:3      | Killed Natasha
  2165 | D:3      | Found a faded altar of an unknown god.
  2334 | D:3      | Noticed Natasha
  2342 | D:3      | Killed Natasha
  2348 | D:3      | Noticed Natasha
  2353 | D:3      | Killed Natasha
  2620 | D:4      | Reached skill level 5 in Shields
  2620 | D:4      | Reached XP level 7. HP: 55/55 MP: 7/7
  2703 | D:4      | Found a large runed translucent door.
  2703 | D:4      | Found a large runed translucent door.
  2704 | D:4      | Noticed Sokar's ghost (amateur HuRe)
  2806 | D:4      | Reached skill level 4 in Unarmed Combat
  3078 | D:4      | Reached skill level 5 in Fighting
  3079 | D:4      | Gained mutation: You have sharp toenails. [potion of
                  | mutation]
  3308 | D:4      | Killed Sokar's ghost
  3309 | D:4      | Reached skill level 5 in Unarmed Combat
  3360 | D:5      | Entered Level 5 of the Dungeon
  3371 | D:5      | Noticed Pikel
  3387 | D:5      | Killed Pikel
  3388 | D:5      | Reached skill level 6 in Unarmed Combat
  3388 | D:5      | Lost mutation: You have sharp toenails. [demonic ancestry]
  3388 | D:5      | Gained mutation: You have large cloven feet. [demonic
                  | ancestry]
  3388 | D:5      | Reached XP level 8. HP: 37/64 MP: 8/8
  3466 | D:5      | Reached skill level 7 in Unarmed Combat
  3546 | D:5      | Found a hide-covered altar of Uskayaw.
  3923 | D:6      | Noticed Maggie
  3931 | D:6      | Killed Maggie
  3932 | D:6      | Gained mutation: Your demonic aura sometimes causes spilled
                  | blood to erupt in flames. [demonic ancestry]
  3932 | D:6      | Reached XP level 9. HP: 61/71 MP: 9/9
  3970 | D:6      | Reached skill level 8 in Unarmed Combat
  4030 | D:6      | Found a runed translucent gate.
  4030 | D:6      | Found a runed translucent gate.
  4031 | D:6      | Found a runed translucent gate.
  4034 | D:6      | Noticed tailblues's ghost (novice DgTm)
  4063 | D:6      | Killed tailblues's ghost
  4203 | D:6      | Reached skill level 9 in Unarmed Combat
  4494 | D:6      | Found a staircase to the Ecumenical Temple.
  4511 | Temple   | Entered the Ecumenical Temple
  5093 | D:7      | Reached skill level 10 in Unarmed Combat
  5180 | D:7      | Gained mutation: You have hoof-like feet. [demonic
                  | ancestry]
  5180 | D:7      | Reached XP level 10. HP: 57/82 MP: 10/10
  5439 | D:7      | Got the Spellbook of the Map and the Salvo
  6333 | D:8      | Reached skill level 11 in Unarmed Combat
  6506 | D:8      | Noticed a two-headed ogre
  6514 | D:8      | Killed a two-headed ogre
  6656 | D:8      | Learned a level 2 spell: Wereblood
  6767 | D:9      | Found Givuvax's Distillery.
  7095 | D:9      | Noticed Erolcha
  7108 | D:9      | Killed Erolcha
  7323 | D:9      | Found a staircase to the Orcish Mines.
  7358 | D:9      | Gained mutation: Spells you cast may paralyse nearby
                  | enemies. [demonic ancestry]
  7358 | D:9      | Reached XP level 11. HP: 84/90 MP: 11/11
  7466 | D:10     | Entered Level 10 of the Dungeon
  7504 | D:10     | Reached skill level 12 in Unarmed Combat
  7589 | D:10     | Reached skill level 10 in Fighting
  7845 | D:10     | Found a staircase to the Lair.
  7955 | D:10     | Found Owkoepawk's General Store.
  7964 | D:10     | Bought a scroll of blinking for 105 gold pieces
  8293 | D:10     | Found a stormy altar of Qazlal.
  8297 | D:10     | Found a burning altar of Makhleb.
  8550 | D:11     | Reached skill level 5 in Armour
  9233 | D:11     | Reached skill level 13 in Unarmed Combat
 10142 | D:12     | Found a frozen archway.
 10182 | D:12     | Noticed a deep elf pyromancer
 10184 | IceCv    | Entered an ice cave
 10429 | IceCv    | Gained mutation: You have a pair of horns on your head.
                  | [demonic ancestry]
 10429 | IceCv    | Reached XP level 12. HP: 95/100 MP: 10/12
 10656 | IceCv    | Noticed a death yak
 10673 | IceCv    | Killed a death yak
 11043 | IceCv    | Noticed a death yak
 11054 | IceCv    | Killed a death yak
 11055 | IceCv    | Reached skill level 14 in Unarmed Combat
 11129 | IceCv    | Noticed a death yak
 11131 | IceCv    | Noticed a death yak
 11139 | IceCv    | Noticed a death yak
 11139 | IceCv    | Killed a death yak
 11142 | IceCv    | Killed a death yak
 11146 | IceCv    | Killed a death yak
 11337 | IceCv    | Noticed a death yak
 11337 | IceCv    | Noticed a frost giant
 11354 | IceCv    | Killed a death yak
 11363 | IceCv    | Killed a frost giant
 11525 | IceCv    | Found the +8 frozen axe "Frostbite" {freezing cloud, *Noise
                  | Fly rC+}
 11846 | D:12     | Got the Discourse on Lethal Poison
 12364 | D:13     | Found a gate to the Vaults.
 12533 | D:13     | Reached skill level 15 in Unarmed Combat
 12533 | D:13     | Gained mutation: You have a small tail. [demonic ancestry]
 12533 | D:13     | Reached XP level 13. HP: 93/108 MP: 9/13
 12533 | D:13     | Quit the game

Illustrated notes

Levels and vault maps discovered:
D:1:      giann_wishing_wells, layout_basic, serial_shops, shop,
          nicolae_shop_bloodbath_and_beyond, nicolae_lakefront_shop,
          minmay_box_of_dots
D:2:      layout_basic, minmay_hexomino_c4, uniq_sigmund
D:3:      layout_basic, serial_shops, nicolae_shop_trees,
          nicolae_shop_statue_plus, shop, shop_fountains,
          shapermc_ecumenical_altar_mp_urbaneastern, uniq_natasha, uniq_jessica
D:4:      layout_basic, ebering_ghost_disaster_area
D:5:      layout_rooms, mainiacjoe_overflow_tiny_flanked, uniq_pikel
D:6:      layout_basic, minmay_temple_entry_hall, gammafunk_ghost_necromancy,
          minmay_between, uniq_maggie
D:7:      layout_rooms, minivault_14, fountainhead
D:8:      layout_loops_cross
D:9:      layout_rooms, erik_orc_1, serial_shops, nicolae_shop_hallway_stairs,
          uniq_erolcha
D:10:     layout_big_octagon, grunt_temple_overflow_open, erik_lair_island,
          serial_shops, shop_statue, minmay_misc_feat_room
D:11:     nicolae_cairo_tiling_large_dashed, layout_cave_pods
D:12:     layout_cave_pools, portal_ice_cave_entry_ice_simulacra
D:13:     minmay_spiral_squares, layout_basic
Temple:   hellmonk_temple_of_storms

Skill      XL: |  1  2  3  4  5  6  7  8  9 10 11 12 |
---------------+-------------------------------------+-----
Polearms       | 2 |  2.1
Shields        | 3 4 5 |  5.0
Unarmed Combat | 1 2 3 6 7 10 11 13 15 | 15.0
Fighting       | 4 6 8 9 11 12 | 12.2
Armour         | 3 6 7 |  7.7
Transmutations | |  0.3

Action                   |  1- 3 |  4- 6 |  7- 9 | 10-12 | 13-15 || total
-------------------------+-------+-------+-------+-------+-------++-------
Melee: Trident           |    67 |   102 |    17 |       |       ||   186
       Headbutt          |     5 |    16 |    35 |    98 |       ||   154
       Unarmed           |       |       |    72 |   473 |       ||   545
       Spear             |       |       |   170 |       |       ||   170
       Kick              |       |       |    52 |   166 |       ||   218
Throw: Dart              |       |       |       |    15 |       ||    15
       Throwing net      |       |       |       |     3 |       ||     3
Evoke: Wand              |       |       |       |     3 |       ||     3
  Use: Potion            |       |       |     3 |     1 |       ||     4
       Scroll            |       |       |       |    10 |       ||    10
 Stab: Held in net/web   |       |       |       |     2 |       ||     2
Armor: Scale mail        |    14 |       |       |       |       ||    14
       Plate armour      |    24 |    31 |   135 |   243 |       ||   433
Dodge: Dodged            |    12 |     9 |    55 |    97 |       ||   173
Block: Buckler           |    12 |    11 |    44 |    71 |       ||   138

Table legend: (Time is in decaauts)
 A = Elapsed time spent in this place.
 B = Non-inter-level travel time spent in this place.
 C = Inter-level travel time spent in this place.
 D = Time resting spent in this place.
 E = Time spent auto-exploring this place.
 F = Levels seen in this place.
 G = Mean time per level.
                   A        B        C        D        E       F      G
               +--------+--------+--------+--------+--------+-----+--------+
         Total |  12503 |  12168 |    335 |   2119 |   8029 |  15 |  833.5 |
       Dungeon |  10976 |  10641 |    335 |   1182 |   7740 |  13 |  844.3 |
        Temple |     84 |     84 |      0 |      0 |     59 |   1 |   84.0 |
      Ice Cave |   1442 |   1442 |      0 |    936 |    230 |   1 | 1442.0 |
               +--------+--------+--------+--------+--------+-----+--------+

Top non-repeatable levels by time:
   IceCv: 1442 daAuts
    D:11: 1413 daAuts
     D:2: 1054 daAuts
     D:6: 1044 daAuts
     D:7: 1018 daAuts
    D:12: 1015 daAuts
    D:10: 972 daAuts
     D:3: 885 daAuts
     D:4: 794 daAuts
     D:8: 697 daAuts
     D:9: 689 daAuts
     D:1: 662 daAuts
     D:5: 565 daAuts
    D:13: 162 daAuts
  Temple: 84 daAuts
